Map: Whitewater Line LE

Players

bigcatsuper

  • Race: Terran Terran
  • Spawn Location: 1:00

XelNalgas

  • Race: Zerg Zerg
  • League: Gold
  • Spawn Location: 12:00

buckbreaker

  • Race: Protoss Protoss
  • Spawn Location: 1:00

MattBarry - Winner!

  • Race: Terran Terran
  • League: Gold
  • Spawn Location: 6:00

Alebay - Winner!

  • Race: Protoss Protoss
  • Spawn Location: 7:00

MattBarry - Winner!

  • Race: Zerg Zerg
  • League: Gold
  • Spawn Location: 7:00

VOD

Have the link to the VOD?

Description

Time

  • Played on: Jan. 22, 2023, 12:34 a.m.
  • Length: 13:44
Show
View Real Time Build Order
Export as new Build Order

bigcatsuper Terran 

Build Orders: Command Center First (CC) 

Get SALT Encoding   

  12  0:01  SCV  
  13  0:15  SCV  
  14  0:27  SCV  
  15  0:48  Command Center  
  15  0:58  Supply Depot  
  15  1:06  Refinery  
  15  1:09  Supply Depot  
  15  1:29  Barracks  
  15  1:37  Barracks  
  15  1:40  SCV  
  16  1:57  Barracks  
  16  2:03  SCV  
  17  2:10  SCV  
  17  2:15  SCV  
  19  2:25  Barracks Reactor  
  19  2:32  Barracks  
  19  2:36  Barracks Reactor  
  19  2:45  Orbital Command  
  19  2:51  Barracks Reactor  
  19  2:57  SCV  
  20  3:04  Marine x2  
  18  3:18  Marine  
  18  3:19  Marine  
  21  3:22  Marine  
  21  3:23  Barracks Reactor  
  21  3:31  Marine  
  21  3:32  Marine x2  
  24  3:36  Marine  
  24  3:37  Marine  
  26  3:47  SCV  
  27  3:56  Marine x3  
  27  3:59  SCV  
  31  4:08  SCV  
  32  4:10  Marine  
  32  4:11  SCV  
  34  4:20  SCV  
  34  4:23  Barracks, Marine, SCV  
  37  4:24  Marine  
  37  4:29  Marine  
  39  4:32  Marine, SCV  
  41  4:42  Marine  
  41  4:43  Marine x3  
  41  4:44  SCV  
  46  5:21  Supply Depot  
  46  5:31  Barracks  
  46  5:43  Marine x8  
  46  5:45  Supply Depot  
  54  5:53  Supply Depot  
  54  5:58  Barracks Reactor  
  54  6:06  Marine x8  
  54  6:07  Supply Depot  
  62  6:16  Supply Depot  
  62  6:24  Marine x8  
  53  6:39  Supply Depot, Marine x2  
  50  6:42  Marine x8  
  50  6:56  Marine  
  50  6:57  Marine  
  50  7:00  Marine x4, Factory  
  56  7:06  Refinery  
  56  7:16  Barracks  
  56  7:25  Engineering Bay  
  56  7:31  Orbital Command  
  56  7:34  Marine  
  56  7:35  Marine x5  
  62  7:39  Marine  
  62  7:40  Marine  
  64  7:46  Marine x2  
  66  7:52  Marine  
  66  7:53  Marine, Engineering Bay  
  66  7:55  Marine  
  66  7:56  Marine x3  
  72  8:05  Marine x4  
  71  8:13  Marine x4  
  71  8:16  Marine  
  72  8:21  Marine  
  72  8:22  Marine  
  72  8:25  Marine  
  72  8:26  Marine  
  52  8:44  Terran Infantry Weapons Level 1  
  52  8:46  Terran Infantry Armor Level 1  
  52  8:52  Barracks Reactor  
  52  8:53  Factory Reactor  
  52  8:54  Marine  
  52  8:55  Marine x7  
  60  9:03  Marine  
  60  9:04  Marine  
  62  9:12  Marine  
  62  9:13  Marine x2  
  62  9:16  Starport  
  65  9:24  Marine  
  65  9:25  Marine x5  
  65  9:30  Marine  
  65  9:31  Marine x3  
  75  9:39  Supply Depot  
  75  9:53  Starport  
  75  9:54  Missile Turret  
  75  9:59  Marine x2  
  76  10:03  Supply Depot, Widow Mine  
  79  10:09  Widow Mine  
  79  10:13  Missile Turret  
  81  10:17  Marine x3  
  81  10:20  Marine  
  85  10:22  Starport Tech Lab  
  85  10:25  Widow Mine  
  87  10:29  Supply Depot  
  87  10:30  Fusion Core  
  87  10:31  Widow Mine  
  87  10:33  Missile Turret  
  87  10:34  Marine x2  
  91  10:41  Starport Tech Lab  
  91  10:54  Starport  
  91  11:22  Marine x3  
  91  11:23  Marine x9  
  75  11:40  Marine x9  
  75  11:41  Marine x3  
  57  11:58  Marine x10  
  54  12:06  Marine  
  54  12:07  Marine  
  51  12:11  Starport Tech Lab  
  42  12:15  Marine  
  42  12:16  Marine x6  
  42  12:20  Marine x2  
  50  12:23  Marine  
  50  12:24  Marine  
  50  12:25  Marine  
  47  12:33  Marine  
  47  12:35  Marine  
  47  12:36  Marine x3  
  49  12:43  Marine x3  
  52  12:47  Marine x3  
  52  12:54  Marine  
  52  12:55  Marine x2  
  47  13:00  Marine  
  47  13:01  Marine x2  
  47  13:05  Marine  
  51  13:06  Marine  
  51  13:10  Marine x2  
  54  13:15  Marine x2  
  54  13:18  Marine  
  54  13:19  Marine  
  57  13:22  Marine x2  
  57  13:24  Marine  
Show
View Real Time Build Order
Export as new Build Order

XelNalgas Zerg 

Build Orders: Pool First 

Get SALT Encoding   

  12  0:00  Drone  
  13  0:12  Overlord  
  13  0:17  Drone  
  14  0:39  Spawning Pool, Drone  
  14  0:41  Drone  
  15  0:46  Drone  
  16  0:52  Drone  
  17  1:01  Overlord  
  17  1:06  Extractor  
  16  1:13  Drone  
  17  1:23  Drone  
  18  1:28  Queen  
  20  1:34  Zergling x2  
  21  1:48  Drone  
  21  1:50  Hatchery  
  21  2:00  Drone  
  22  2:07  Drone  
  23  2:14  Roach Warren  
  22  2:17  Drone  
  22  2:21  Metabolic Boost  
  23  2:28  Drone  
  24  2:39  Drone x3  
  27  2:47  Zergling x2  
  29  2:55  Drone  
  28  3:00  Extractor  
  27  3:09  Roach  
  29  3:12  Hatchery  
  29  3:14  Roach  
  30  3:25  Overlord x2  
  30  3:43  Roach x2  
  30  3:44  Roach  
  35  3:53  Roach  
  35  3:54  Roach x2  
  41  4:21  Roach x2  
  45  4:27  Lair  
  45  4:32  Roach x3  
  45  4:34  Evolution Chamber  
  48  4:55  Roach x2, Spine Crawler  
  48  4:56  Overlord  
  48  4:57  Overlord x2  
  51  5:13  Drone  
  52  5:14  Queen  
  52  5:19  Drone x2  
  52  5:20  Drone  
  57  5:27  Spore Crawler  
  56  5:32  Glial Reconstitution  
  56  5:40  Roach  
  58  5:50  Queen  
  58  5:51  Drone  
  58  5:54  Drone  
  58  5:55  Drone  
  57  6:11  Roach  
  57  6:12  Roach x2  
  57  6:14  Roach  
  59  6:26  Roach  
  59  6:27  Roach x2  
  65  6:34  Roach x2  
  53  6:43  Roach  
  53  6:58  Zergling x2  
  53  6:59  Zergling x6  
  57  7:03  Zerg Ground Armor Level 1  
  57  7:09  Evolution Chamber, Drone x2  
  57  7:10  Overseer  
  58  7:16  Drone  
  58  7:22  Extractor  
  58  7:25  Baneling Nest  
  58  7:27  Drone x3  
  58  7:28  Drone  
  61  7:30  Drone  
  62  7:43  Drone x4  
  62  7:44  Drone  
  67  7:50  Pneumatized Carapace  
  67  7:54  Zerg Missile Weapons Level 1  
  67  7:56  Drone  
  68  8:05  Drone  
  68  8:06  Drone x3  
  71  8:14  Roach x2  
  70  8:32  Roach x2  
  70  8:33  Roach  
  74  8:34  Overlord x3  
  74  8:36  Drone  
  74  8:41  Extractor  
  74  8:58  Hatchery  
  73  9:06  Hydralisk Den  
  73  9:08  Zerg Ground Armor Level 2  
  72  9:10  Roach  
  72  9:11  Roach x4  
  82  9:26  Drone x2  
  82  9:27  Spine Crawler, Drone  
  82  9:28  Drone x3  
  87  9:35  Ravager x4  
  87  9:36  Ravager  
  92  9:40  Hydralisk x2  
  92  9:44  Grooved Spines  
  96  9:57  Infestation Pit, Drone x4  
  99  10:00  Overlord  
  99  10:09  Overlord  
  100  10:14  Drone x3  
  102  10:21  Centrifugal Hooks  
  102  10:23  Zergling x6  
  102  10:25  Zergling x2  
  102  10:27  Zergling x4  
  108  10:34  Spore Crawler  
  107  10:37  Hydralisk, Spore Crawler  
  107  10:38  Hydralisk  
  107  10:42  Overlord  
  110  10:44  Hydralisk  
  112  10:52  Baneling x5  
  112  10:53  Baneling x6  
  112  10:55  Drone x2  
  114  11:02  Hydralisk x2  
  74  11:29  Hydralisk x6  
  54  11:36  Hydralisk  
  52  11:41  Hydralisk x2  
  54  11:58  Hydralisk x2  
  52  12:12  Hydralisk  
  34  12:23  Hydralisk  
  34  12:24  Hydralisk  
  34  12:25  Zergling x2  
  34  12:26  Zergling x10  
  40  12:38  Hydralisk  
  40  12:39  Zergling x2  
  40  12:51  Hydralisk  
  37  12:52  Zergling x2  
  37  12:57  Extractor x2  
  24  13:06  Hatchery  
  21  13:20  Drone x2  
Show
View Real Time Build Order
Export as new Build Order

buckbreaker Protoss 

Build Orders: Dark Templar Rush 

Get SALT Encoding   

  12  0:12  Pylon  
  12  0:15  Probe (Chrono Boost)  
  13  0:24  Probe (Chrono Boost)  
  14  0:29  Probe (Chrono Boost)  
  15  0:41  Probe  
  16  0:50  Gateway  
  16  0:53  Probe (Chrono Boost)  
  17  0:59  Assimilator  
  17  1:04  Assimilator  
  17  1:05  Probe (Chrono Boost)  
  18  1:13  Pylon  
  18  1:14  Probe (Chrono Boost)  
  18  1:18  Pylon  
  19  1:20  Probe  
  20  1:32  Probe  
  21  1:44  Probe  
  21  1:45  Cybernetics Core  
  22  1:56  Probe  
  23  2:19  Nexus  
  23  2:24  Twilight Council  
  23  2:45  Gateway  
  23  2:55  Gateway  
  23  3:03  Dark Shrine  
  23  3:07  Stalker  
  25  3:15  Pylon  
  25  3:26  Gateway  
  25  3:28  Pylon  
  24  3:39  Stalker  
  24  3:40  Stalker  
  28  3:51  Stalker  
  30  4:16  Dark Templar x3  
  34  4:30  Stalker  
  30  4:55  Dark Templar  
  16  5:10  Probe (Chrono Boost)  
  17  5:17  Probe (Chrono Boost)  
  17  5:21  Probe (Chrono Boost)  
  19  5:25  Probe (Chrono Boost)  
  19  5:28  Probe (Chrono Boost)  
  21  5:37  Probe (Chrono Boost)  
  21  5:41  Probe (Chrono Boost)  
  23  5:48  Probe (Chrono Boost)  
  23  5:49  Probe (Chrono Boost)  
  25  5:58  Probe  
  25  6:00  Probe  
  23  6:31  Dark Templar  
  25  6:43  Probe (Chrono Boost)  
  27  6:49  Probe (Chrono Boost)  
  27  6:53  Probe (Chrono Boost)  
  28  6:57  Probe (Chrono Boost)  
  30  7:03  Probe (Chrono Boost)  
  30  7:05  Probe (Chrono Boost)  
  31  7:11  Probe (Chrono Boost)  
  31  7:12  Probe (Chrono Boost)  
  31  7:15  Stalker  
  35  7:21  Probe (Chrono Boost)  
  36  7:32  Probe (Chrono Boost)  
  36  7:33  Probe (Chrono Boost)  
  38  7:40  Probe x2 (Chrono Boost)  
  40  7:45  Probe (Chrono Boost)  
  40  7:46  Dark Templar  
  40  7:48  Probe (Chrono Boost)  
  44  7:51  Stalker  
  47  7:58  Probe (Chrono Boost)  
  47  8:00  Probe (Chrono Boost)  
  48  8:08  Probe (Chrono Boost)  
  48  8:09  Probe (Chrono Boost)  
  50  8:13  Probe (Chrono Boost)  
  50  8:15  Probe (Chrono Boost)  
  50  8:16  Stalker x2  
  56  8:23  Probe  
  49  8:27  Stalker x2  
  49  8:35  Probe  
  50  8:46  Stalker  
  50  8:47  Pylon  
  52  8:51  Pylon  
  52  9:01  Forge  
  52  9:07  Stargate  
  52  9:13  Probe (Chrono Boost)  
  52  9:15  Assimilator  
  53  9:18  Assimilator  
  53  9:21  Pylon  
  53  9:23  Pylon, Probe (Chrono Boost)  
  54  9:25  Pylon, Stalker  
  54  9:27  Pylon  
  54  9:28  Pylon, Probe (Chrono Boost)  
  57  9:36  Stalker x2  
  57  9:37  Stalker  
  63  9:40  Probe  
  64  9:52  Probe  
  65  9:55  Protoss Shields Level 1 (Chrono Boost)  
  65  10:01  Photon Cannon  
  65  10:04  Probe  
  65  10:05  Photon Cannon  
  66  10:08  Photon Cannon  
  66  10:18  Photon Cannon  
  66  10:19  Photon Cannon  
  66  10:24  Photon Cannon  
  66  10:27  Photon Cannon  
  66  10:35  Shield Battery  
  66  10:36  Shield Battery  
  66  10:45  Shield Battery  
  66  10:49  Pylon  
  66  10:53  Pylon  
  66  10:54  Stalker x2  
  70  11:01  Pylon  
  70  11:05  Stalker x2  
  72  11:24  Stalker x2  
  60  11:35  Stalker x2  
  56  11:54  Stalker x2  
  57  12:05  Stalker x2  
  55  12:24  Stalker x2  
  57  12:35  Stalker x2  
  55  12:54  Stalker x2  
  59  12:58  Phoenix  
  59  13:04  Stalker  
  59  13:05  Stalker  
Show
View Real Time Build Order
Export as new Build Order

MattBarry Terran - Winner!

Build Orders:  

Get SALT Encoding   

  12  0:00  SCV  
  13  0:12  SCV  
  14  0:17  Supply Depot  
  14  0:24  SCV  
  15  0:29  Refinery  
  15  0:39  SCV  
  16  0:46  Barracks  
  16  0:51  SCV  
  17  1:03  SCV  
  18  1:15  SCV  
  19  1:27  SCV  
  20  1:34  Reaper  
  21  1:41  Orbital Command  
  21  1:47  Supply Depot  
  21  2:03  Factory  
  21  2:07  SCV  
  22  2:15  Command Center  
  22  2:20  SCV  
  22  2:21  Refinery  
  23  2:24  Marine  
  24  2:37  SCV  
  25  2:46  Marine  
  25  2:48  Starport  
  26  2:59  Factory Tech Lab  
  26  3:02  SCV  
  27  3:06  Marine  
  28  3:15  SCV  
  29  3:21  Armory  
  29  3:32  Barracks Tech Lab  
  29  3:34  Factory Tech Lab  
  29  3:35  SCV  
  29  3:37  Orbital Command  
  30  3:47  SCV  
  31  3:59  SCV  
  31  4:00  Marine  
  35  4:03  SCV  
  35  4:07  Raven, Refinery  
  36  4:12  SCV  
  36  4:15  SCV, Engineering Bay  
  38  4:21  Supply Depot  
  38  4:22  Supply Depot  
  38  4:24  SCV  
  39  4:30  Widow Mine  
  41  4:34  Marine  
  42  4:39  SCV x2, Refinery  
  42  4:45  Supply Depot  
  46  4:50  Raven  
  46  4:51  SCV x2  
  46  4:52  Marine  
  49  5:03  SCV x2  
  49  5:04  Hi-Sec Auto Tracking  
  51  5:12  Supply Depot  
  51  5:15  SCV x2  
  51  5:18  Marine, Hellion  
  56  5:26  Fusion Core  
  56  5:27  SCV x2  
  60  5:33  Raven  
  60  5:39  SCV x2  
  62  5:43  Corvid Reactor  
  62  5:48  Command Center  
  62  5:49  Marine  
  63  5:51  SCV x2  
  63  5:55  Stimpack  
  63  5:56  Barracks x2  
  65  6:03  SCV x2  
  67  6:04  Missile Turret  
  67  6:07  Missile Turret  
  68  6:47  Barracks Reactor x2  
  68  6:50  SCV x2  
  68  6:51  Raven  
  70  6:56  Marine  
  71  7:01  Orbital Command  
  71  7:02  SCV x2  
  71  7:05  Command Center  
  73  7:14  Starport  
  73  7:23  SCV x2  
  77  7:34  Supply Depot x2, Raven  
  77  7:35  Supply Depot  
  77  7:39  Neosteel Armor  
  79  7:55  SCV x2  
  81  7:59  Marine  
  81  8:00  Marine x4, Raven  
  88  8:17  Raven  
  90  8:43  Raven  
  90  8:45  Marine  
  90  8:46  Marine x4  
  95  8:50  Orbital Command  
  97  9:00  Advanced Ballistics, Raven  
  97  9:03  Marine x2  
  97  9:04  Marine x3  
  97  9:05  Combat Shield  
  102  9:22  SCV x2  
  104  9:25  Planetary Fortress  
  104  9:30  Terran Vehicle And Ship Armor Level 1  
  104  9:37  Refinery  
  104  9:38  SCV x2, Refinery  
  106  9:42  Marine x4  
  106  9:43  Marine  
  115  9:50  Raven x2  
  115  10:07  Command Center  
  115  10:12  Marine  
  115  10:13  Marine x4  
  120  10:27  Starport  
  124  10:33  Raven x2  
  124  10:43  Marine  
  124  10:44  Marine x4  
  131  11:16  Raven  
  131  11:23  Raven  
  129  11:53  Starport Reactor  
  127  12:01  Marine x5  
  136  12:12  Raven x2  
  134  12:30  Command Center  
  134  12:34  Medivac x2  
  134  12:36  Marine x5  
  147  12:54  Raven  
  147  12:55  Raven  
Show
View Real Time Build Order
Export as new Build Order

Alebay Protoss - Winner!

Build Orders:  

Get SALT Encoding   

  12  0:00  Probe  
  13  0:12  Probe  
  14  0:24  Probe  
  15  0:37  Pylon  
  15  0:55  Probe  
  15  0:56  Gateway  
  16  1:07  Probe  
  16  1:08  Assimilator  
  17  1:19  Probe  
  18  1:31  Probe  
  19  1:44  Cybernetics Core  
  19  1:47  Probe  
  19  1:48  Nexus  
  19  1:51  Pylon  
  20  1:57  Assimilator  
  20  2:01  Probe  
  21  2:13  Probe  
  22  2:20  Stalker (Chrono Boost)  
  24  2:25  Probe  
  25  2:37  Probe  
  25  2:42  Robotics Facility  
  26  2:46  Shield Battery  
  26  2:49  Probe  
  27  2:51  Warp Gate (Chrono Boost)  
  27  3:02  Probe  
  27  3:03  Probe  
  29  3:10  Stalker  
  31  3:14  Probe  
  31  3:16  Probe  
  33  3:24  Forge  
  33  3:26  Probe  
  34  3:31  Probe  
  35  3:35  Pylon  
  35  3:38  Pylon  
  35  3:39  Probe  
  36  3:50  Pylon  
  36  3:53  Probe  
  36  3:54  Probe  
  38  4:00  Protoss Ground Weapons Level 1 (Chrono Boost)  
  38  4:04  Photon Cannon  
  38  4:06  Probe  
  38  4:07  Probe  
  40  4:14  Gateway  
  40  4:16  Gateway  
  40  4:20  Probe x2  
  40  4:22  Assimilator  
  42  4:25  Assimilator  
  42  4:32  Immortal  
  42  4:34  Probe  
  42  4:35  Probe  
  48  4:42  Stalker  
  50  4:50  Probe x2  
  52  5:05  Stalker  
  54  5:12  Photon Cannon, Pylon  
  54  5:15  Probe x2  
  56  5:23  Stalker x2  
  56  5:28  Immortal  
  64  5:34  Pylon  
  64  5:36  Pylon  
  64  5:38  Pylon  
  64  5:40  Pylon, Stalker  
  66  5:45  Probe  
  66  5:49  Stalker  
  70  5:50  Stalker  
  65  6:35  Stalker  
  65  6:36  Stalker x2  
  65  6:39  Immortal (Chrono Boost)  
  71  6:53  Protoss Ground Armor Level 1 (Chrono Boost)  
  71  7:00  Gateway  
  71  7:02  Gateway  
  71  7:06  Stalker x3  
  77  7:10  Nexus  
  77  7:17  Robotics Facility  
  77  7:21  Pylon  
  77  7:23  Pylon  
  77  7:27  Photon Cannon, Pylon  
  77  7:31  Photon Cannon  
  77  7:33  Photon Cannon  
  77  7:34  Photon Cannon  
  77  7:36  Stalker x3  
  83  7:43  Observer  
  84  7:56  Stalker x2  
  88  8:04  Immortal  
  92  8:14  Twilight Council  
  88  8:40  Stalker x3  
  88  8:41  Stalker x2  
  98  8:45  Immortal x2  
  106  8:52  Blink (Chrono Boost)  
  106  8:55  Protoss Ground Weapons Level 2 (Chrono Boost)  
  106  8:59  Probe x3  
  109  9:11  Probe x3  
  109  9:15  Photon Cannon  
  112  9:19  Stalker x3  
  118  9:41  Stalker x2  
  118  9:42  Stalker  
  118  9:45  Photon Cannon  
  124  9:46  Stalker x2  
  128  10:00  Probe x3  
  128  10:07  Assimilator  
  131  10:10  Assimilator  
  131  10:14  Pylon  
  131  10:16  Pylon  
  131  10:18  Pylon  
  131  10:19  Immortal x2  
  131  10:20  Stalker  
  141  10:30  Stalker x3  
  126  11:31  Stalker  
  126  11:32  Stalker x4  
  94  12:11  Stalker  
  94  12:12  Stalker x4  
  82  12:54  Stalker x2  
  82  12:55  Stalker x3  
  74  13:28  Stalker x4  
  74  13:29  Stalker  
  74  13:33  Gateway  
  74  13:34  Gateway  
  82  13:36  Gateway  
Show
View Real Time Build Order
Export as new Build Order

MattBarry Zerg - Winner!

Build Orders: Pool First 

Get SALT Encoding   

  12  0:01  Drone  
  13  0:12  Drone  
  14  0:17  Extractor  
  14  0:19  Drone  
  14  0:21  Extractor  
  14  0:22  Drone  
  15  0:41  Spawning Pool  
  14  0:53  Overlord  
  14  0:56  Drone, Extractor  
  15  1:12  Drone  
  16  1:28  Zergling x2  
  16  1:29  Zergling x4  
  20  1:40  Zergling x2  
  20  1:45  Metabolic Boost  
  20  1:46  Hatchery  
  19  1:58  Drone  
  19  2:00  Queen  
  22  2:15  Overlord  
  22  2:33  Drone  
  22  2:34  Drone  
  24  2:45  Drone x2  
  26  2:54  Queen  
  28  3:15  Zergling x14  
  35  3:22  Overlord  
  35  3:39  Queen  
  36  3:56  Drone, Overlord  
  36  3:58  Zergling x10  
  42  4:02  Evolution Chamber  
  42  4:06  Roach Warren  
  42  4:08  Extractor  
  39  4:15  Queen  
  39  4:16  Drone x4  
  37  5:02  Zerg Ground Armor Level 1, Hatchery  
  37  5:04  Lair  
  34  5:11  Evolution Chamber, Drone x5  
  38  5:23  Roach, Overlord  
  40  5:44  Zerg Missile Weapons Level 1  
  40  5:49  Drone  
  41  5:50  Drone x3, Extractor  
  41  5:55  Spore Crawler  
  42  6:00  Spore Crawler  
  42  6:02  Spore Crawler  
  40  6:05  Spore Crawler  
  40  6:06  Roach  
  40  6:07  Roach  
  43  6:12  Overseer  
  42  6:31  Roach x5  
  50  6:45  Drone x4  
  53  6:59  Zerg Melee Weapons Level 1  
  53  7:17  Drone  
  53  7:18  Drone x3  
  53  7:19  Overlord  
  57  7:23  Drone x2  
  59  7:30  Drone x2  
  59  7:32  Drone  
  59  7:33  Hatchery  
  59  7:35  Drone  
  59  7:37  Drone  
  62  7:46  Ravager x4  
  62  7:48  Ravager  
  67  7:52  Drone x2  
  67  7:53  Drone x2  
  71  8:01  Overlord x2  
  61  8:35  Spire  
  60  8:48  Extractor  
  59  8:52  Queen  
  61  9:01  Overlord  
  61  9:02  Zergling x54  
  88  9:04  Zerg Melee Weapons Level 2  
  88  9:15  Overlord  
  88  9:16  Overlord  
  88  9:25  Drone x2  
  88  9:27  Queen  
  92  9:39  Drone x6  
  92  9:44  Extractor x2  
  96  10:09  Roach  
  96  10:10  Roach x7  
  96  10:11  Overlord  
  112  10:37  Zerg Flyer Weapons Level 1  
  112  10:56  Infestation Pit  
  111  10:59  Drone x7  
  111  11:03  Roach  
  120  11:04  Overlord  
  120  11:05  Glial Reconstitution  
  120  11:08  Zerg Missile Weapons Level 2  
  120  11:21  Ravager  
  120  11:22  Overlord x2  
  87  11:55  Mutalisk x12  
  87  11:56  Mutalisk  
  110  12:20  Hatchery  
  109  12:30  Overseer  
  109  12:31  Pneumatized Carapace  
  109  12:36  Drone  
  109  12:37  Drone x16  
  123  12:38  Overlord x2  
  123  12:42  Mutalisk x2  
Tags
 
Add a new tag
Caveats
  • Supply blocks, unpowered buildings, or Contaminate may cause inaccurate times.
  • Supply counts are checked every 10 seconds.